Stars vs Flyers
Created - April 17, 2020 at 19:17
Goals
|
| Stars |
2 |
0 |
0 |
2 |
| Flyers |
0 |
1 |
0 |
1 |
|
Shots
|
| Stars |
6 |
7 |
16 |
29 |
| Flyers |
4 |
11 |
11 |
26 |
|
1st period
1. Stars , Alex Chiasson 13 (Jussi Jokinen 30, Boris Valabik 18) at 11:06
2. Stars , B.J. Crombeen 7 (Cory Emmerton 23, Cam Atkinson 7) at 16:15
Penalties :
Ryan Callahan (Phi) for Roughing (Minor) at 0:43, Guillaume Latendresse (Dal) for Hooking (Minor) at 13:28, Drew Miller (Phi) for Holding (Minor) at 13:40
2nd period
3. Flyers , Jakub Voracek 27 (Oliver Ekman-Larsson 22, Matt Smaby 23) at 10:37
Penalties :
Jussi Jokinen (Dal) for Hooking (Minor) at 1:34, Drew Miller (Phi) for Tripping (Minor) at 3:09, Boris Valabik (Dal) for Cross-checking (Minor) at 17:38
3rd period
No Goal
Penalties :
Matt Smaby (Phi) for Roughing (Minor) at 1:41, B.J. Crombeen (Dal) for Slashing (Minor) at 6:39, Guillaume Latendresse (Dal) for Roughing (Minor) at 12:09, Matt Smaby (Phi) for Hooking (Minor) at 12:30, Jeff Carter (Phi) for Holding (Minor) at 15:43
Goalie Stats
Brian Elliott (Dal), 25 saves from 26 shots - (0.962), W, 6-5-1, 60:00 minutes
Cam Ward (Phi), 27 saves from 29 shots - (0.931), L, 3-4-2, 58:59 minutes
Players Stats for Stars
Player Name G A P +/- PIM S H SB GA TA FO MP PP MP PK MP
------------------------------------------------------------------------------------
Alex Chiasson 1 0 1 1 0 3 2 0 0 0 0/1 14:52 3:33 0:00
Alexander Frolov 0 0 0 1 0 1 1 0 0 0 0/0 12:22 0:04 1:28
Andrej Sustr 0 0 0 -1 0 0 1 1 0 0 0/0 10:38 0:00 0:45
Antoine Vermette 0 0 0 1 0 0 2 0 0 0 6/11 17:45 3:42 1:53
B.J. Crombeen 1 0 1 1 2 1 1 1 0 0 0/0 9:07 0:00 0:00
Boris Valabik 0 1 1 2 2 1 0 1 0 0 0/0 21:09 3:10 1:02
Brian Lee 0 0 0 0 0 1 2 1 1 0 0/0 28:13 4:55 4:19
Cam Atkinson 0 1 1 0 0 1 1 0 0 0 1/1 5:44 0:00 0:00
Cory Emmerton 0 1 1 1 0 2 0 1 0 0 3/5 11:57 0:00 1:57
Evgeny Grachev 0 0 0 0 0 0 1 0 0 0 1/2 6:14 0:00 0:30
Guillaume Latendresse 0 0 0 -1 4 4 1 0 2 0 3/3 22:43 4:28 2:08
Ian White 0 0 0 0 0 1 3 1 0 2 0/0 28:13 4:55 4:19
John Tavares 0 0 0 -1 0 7 1 0 1 0 16/38 25:01 4:23 2:41
Johnny Oduya 0 0 0 -1 0 0 0 0 0 0 0/0 10:27 0:00 0:34
Jussi Jokinen 0 1 1 1 2 2 0 1 0 0 1/2 17:15 3:42 1:35
Lasse Kukkonen 0 0 0 2 0 1 0 1 0 1 0/0 21:20 3:10 1:13
Michael Grabner 0 0 0 -1 0 2 3 0 0 0 1/2 20:05 4:17 0:00
Ted Purcell 0 0 0 0 0 2 0 0 1 1 0/0 6:55 0:06 0:00
Players Stats for Flyers
Player Name G A P +/- PIM S H SB GA TA FO MP PP MP PK MP
------------------------------------------------------------------------------------
Brian Lashoff 0 0 0 -2 0 0 1 1 0 0 0/0 9:38 0:23 0:00
Brock Nelson 0 0 0 0 0 0 0 0 0 0 0/0 6:12 0:19 0:00
Chris Mcallister 0 0 0 -1 0 2 3 1 1 0 0/0 10:34 0:38 0:02
Drew Miller 0 0 0 1 4 3 2 0 2 0 0/1 21:02 2:32 1:21
J.T. Miller 0 0 0 -1 0 1 0 0 0 0 0/0 14:17 2:35 1:33
Jakub Voracek 1 0 1 1 0 6 3 0 0 1 2/3 22:09 2:34 1:53
Jeff Carter 0 0 0 1 2 3 1 3 1 0 24/44 25:10 2:34 3:19
Jeff Woywitka 0 0 0 0 0 0 0 0 0 0 0/0 20:54 3:07 3:11
Jonathan Ericsson 0 0 0 0 0 0 0 1 0 0 0/0 20:54 3:07 3:11
Jordan Nolan 0 0 0 -1 0 2 2 0 0 0 4/6 19:45 2:35 4:35
Marcus Kruger 0 0 0 -1 0 1 0 0 0 0 2/6 11:10 0:38 1:08
Mats Zuccarello 0 0 0 -1 0 1 1 0 0 1 0/0 9:37 0:38 0:00
Matt Smaby 0 1 1 1 4 2 0 3 0 1 0/0 27:19 2:35 3:25
Matthew Lombardi 0 0 0 0 0 3 0 1 0 0 1/4 9:05 0:19 2:19
Nathan Beaulieu 0 0 0 -2 0 0 0 1 0 0 0/0 11:15 0:23 1:29
Oliver Ekman-Larsson 0 1 1 1 0 0 0 3 0 1 0/0 30:12 2:36 4:54
Ryan Callahan 0 0 0 -1 2 1 1 0 0 0 0/0 12:35 2:35 0:00
Tomas Kubalik 0 0 0 0 0 1 1 0 0 1 0/1 6:12 0:19 0:00
3 Stars
1 - Brian Elliott (Dal)
2 - Alex Chiasson (Dal)
3 - Jakub Voracek (Phi)
Power Play
Stars - 0 on 6 Attempt(s) - 0.00%
Flyers - 0 on 5 Attempt(s) - 0.00%
Penalty Kill
Stars - 5 on 5 Attempt(s) - 100.00%
- Score 0 goal in Penalty Kill
Flyers - 6 on 6 Attempt(s) - 100.00%
- Score 0 goal in Penalty Kill
Team Stat
Stars - Hits : 19 - Faceoff Wins : 32 - Blocked Shots : 8 - Penalty Minutes : 10
Flyers - Hits : 15 - Faceoff Wins : 33 - Blocked Shots : 14 - Penalty Minutes : 12
Official
Referees : Unknown
Linesman : Unknown
Game Notes
No Game Note
Finance
Level 1 -- Attendance: 6000 (100.00%) -- Ticket Income $630,000
Level 2 -- Attendance: 4065 (81.30%) -- Ticket Income $284,550
Level 3 -- Attendance: 1484 (74.20%) -- Ticket Income $66,780
Level 4 -- Attendance: 3195 (79.88%) -- Ticket Income $95,850
Luxury Box -- Attendance: 965 (96.50%) -- Ticket Income $173,700
Game was played at the Wells Fargo Center.
Total Attendance: 15709 (87.27%)
Total Ticket Income: $1,250,880
Other Income: $187,632
Total Income: $1,438,512
Stars
5 vs 5 Forward
Center Left Wing Right Wing Time % Phy DF OF
1 John Tavares Guillaume Latendresse Michael Grabner 40 1 2 2
2 Antoine Vermette Jussi Jokinen Alex Chiasson 30 1 2 2
3 Cory Emmerton Alexander Frolov B.J. Crombeen 20 1 2 2
4 Evgeny Grachev Ted Purcell Cam Atkinson 10 1 2 2
5 vs 5 Defense
Defense Defense Time % Phy DF OF
1 Ian White Brian Lee 40 1 2 2
2 Boris Valabik Lasse Kukkonen 30 1 2 2
3 Johnny Oduya Andrej Sustr 20 1 2 2
4 Ian White Brian Lee 10 1 2 2
PowerPlay Forward
Center Left Wing Right Wing Time % Phy DF OF
1 John Tavares Guillaume Latendresse Michael Grabner 60 0 2 3
2 Antoine Vermette Jussi Jokinen Alex Chiasson 40 0 2 3
PowerPlay Defense
Defense Defense Time % Phy DF OF
1 Ian White Brian Lee 60 0 2 3
2 Boris Valabik Lasse Kukkonen 40 0 2 3
Penalty Kill 4 Players Forward
Center Wing Time % Phy DF OF
1 John Tavares Guillaume Latendresse 60 0 3 2
2 Jussi Jokinen Antoine Vermette 40 0 3 2
Penalty Kill 4 Players Defense
Defense Defense Time % Phy DF OF
1 Ian White Brian Lee 60 0 3 2
2 Boris Valabik Lasse Kukkonen 40 0 3 2
Penalty Kill - 3 Players Forward
Forward Time % Phy DF OF
1 John Tavares 60 0 3 2
2 Guillaume Latendresse 40 0 3 2
Penalty Kill - 3 Players Defense
Defense Defense Time % Phy DF OF
1 Ian White Brian Lee 60 0 3 2
2 Boris Valabik Lasse Kukkonen 40 0 3 2
4 vs 4 Forward
Center Wing Time % Phy DF OF
1 John Tavares Guillaume Latendresse 60 1 2 2
2 Jussi Jokinen Antoine Vermette 40 1 2 2
4 vs 4 Defense
Defense Defense Time % Phy DF OF
1 Ian White Brian Lee 60 1 2 2
2 Boris Valabik Lasse Kukkonen 40 1 2 2
Last Minutes Offensive
Center Left Wing Right Wing Defense Defense
John Tavares Guillaume Latendresse Michael Grabner Ian White Brian Lee
Last Minutes Defensive
Center Left Wing Right Wing Defense Defense
John Tavares Guillaume Latendresse Michael Grabner Ian White Brian Lee
Goaltenders
Starting : Brian Elliott
Backup : Cory Schneider
Extra Forwards
Normal : Alexander Frolov, Ted Purcell, Cory Emmerton - PP : Alexander Frolov, Ted Purcell - PK : Cory Emmerton
Extra Defensemen
Normal : Johnny Oduya, Andrej Sustr, Boris Valabik - PP : Johnny Oduya - PK : Andrej Sustr, Boris Valabik
Penalty Shots
John Tavares, Guillaume Latendresse, Jussi Jokinen, Antoine Vermette, Alexander Frolov
Scratches
Lee Stempniak (Healthy), Niklas Hjalmarsson (Back Spasms Injury), Brian Flynn (Healthy)
Flyers
5 vs 5 Forward
Center Left Wing Right Wing Time % Phy DF OF
1 Jeff Carter Drew Miller Jakub Voracek 40 1 2 2
2 Jordan Nolan J.T. Miller Ryan Callahan 30 1 2 2
3 Marcus Kruger Chris Mcallister Mats Zuccarello 20 1 2 2
4 Matthew Lombardi Brock Nelson Tomas Kubalik 10 1 2 2
5 vs 5 Defense
Defense Defense Time % Phy DF OF
1 Oliver Ekman-Larsson Matt Smaby 40 1 2 2
2 Jonathan Ericsson Jeff Woywitka 30 1 2 2
3 Brian Lashoff Nathan Beaulieu 20 1 2 2
4 Oliver Ekman-Larsson Matt Smaby 10 1 2 2
PowerPlay Forward
Center Left Wing Right Wing Time % Phy DF OF
1 Jeff Carter Drew Miller Jakub Voracek 60 1 2 2
2 Jordan Nolan J.T. Miller Ryan Callahan 40 1 2 2
PowerPlay Defense
Defense Defense Time % Phy DF OF
1 Oliver Ekman-Larsson Matt Smaby 60 1 2 2
2 Jonathan Ericsson Jeff Woywitka 40 1 2 2
Penalty Kill 4 Players Forward
Center Wing Time % Phy DF OF
1 Jeff Carter Jordan Nolan 60 1 2 2
2 Jakub Voracek Drew Miller 40 1 2 2
Penalty Kill 4 Players Defense
Defense Defense Time % Phy DF OF
1 Oliver Ekman-Larsson Matt Smaby 60 1 2 2
2 Jonathan Ericsson Jeff Woywitka 40 1 2 2
Penalty Kill - 3 Players Forward
Forward Time % Phy DF OF
1 Jeff Carter 60 1 2 2
2 Jordan Nolan 40 1 2 2
Penalty Kill - 3 Players Defense
Defense Defense Time % Phy DF OF
1 Oliver Ekman-Larsson Matt Smaby 60 1 2 2
2 Jonathan Ericsson Jeff Woywitka 40 1 2 2
4 vs 4 Forward
Center Wing Time % Phy DF OF
1 Jeff Carter Jordan Nolan 60 1 2 2
2 Jakub Voracek Drew Miller 40 1 2 2
4 vs 4 Defense
Defense Defense Time % Phy DF OF
1 Oliver Ekman-Larsson Matt Smaby 60 1 2 2
2 Jonathan Ericsson Jeff Woywitka 40 1 2 2
Last Minutes Offensive
Center Left Wing Right Wing Defense Defense
Jeff Carter Drew Miller Jakub Voracek Oliver Ekman-Larsson Matt Smaby
Last Minutes Defensive
Center Left Wing Right Wing Defense Defense
Jeff Carter Drew Miller Jakub Voracek Oliver Ekman-Larsson Matt Smaby
Goaltenders
Starting : Cam Ward
Backup : Steve Mason
Extra Forwards
Normal : Chris Mcallister, Marcus Kruger, Matthew Lombardi - PP : Chris Mcallister, Marcus Kruger - PK : Matthew Lombardi
Extra Defensemen
Normal : Brian Lashoff, Nathan Beaulieu, Jonathan Ericsson - PP : Brian Lashoff - PK : Nathan Beaulieu, Jonathan Ericsson
Penalty Shots
Jeff Carter, Jordan Nolan, Jakub Voracek, Drew Miller, J.T. Miller
Scratches
None
% Time on Ice - Stars
Lines # - Real PCT - Wanted PCT - Time Play
Normal Forward
1 - 36% - 40% - 14:44
2 - 28% - 30% - 11:19
3 - 22% - 20% - 9:07
4 - 14% - 10% - 5:44
Normal Defense
1 - 39% - 40% - 15:53
2 - 37% - 30% - 15:09
3 - 24% - 20% - 9:52
4 - 0% - 10% - 0:00
PP Forward
1 - 54% - 60% - 4:23
2 - 46% - 40% - 3:42
PP Defense
1 - 61% - 60% - 4:55
2 - 39% - 40% - 3:10
PK Forward
1 - 78% - 60% - 4:44
2 - 22% - 40% - 1:22
PK Defense
1 - 71% - 60% - 4:19
2 - 29% - 40% - 1:47
PK3 Forward
1 - 0% - 60%
2 - 0% - 40%
PK3 Defense
1 - 0% - 60%
2 - 0% - 40%
44 Forward
1 - 89% - 60% - 3:23
2 - 11% - 40% - 0:26
44 Defense
1 - 52% - 60% - 2:00
2 - 48% - 40% - 1:49
Last Minute Offensive - 0:00
Last Minute Defensive - 1:06
Total
Forward - 60:00
Defense - 60:00
|
% Time on Ice - Flyers
Lines # - Real PCT - Wanted PCT - Time Play
Normal Forward
1 - 39% - 40% - 15:58
2 - 25% - 30% - 10:04
3 - 22% - 20% - 8:59
4 - 14% - 10% - 5:53
Normal Defense
1 - 46% - 40% - 18:37
2 - 31% - 30% - 12:50
3 - 19% - 20% - 7:42
4 - 4% - 10% - 1:45
PP Forward
1 - 49% - 60% - 2:59
2 - 51% - 40% - 3:07
PP Defense
1 - 49% - 60% - 2:59
2 - 51% - 40% - 3:07
PK Forward
1 - 77% - 60% - 6:12
2 - 23% - 40% - 1:53
PK Defense
1 - 61% - 60% - 4:54
2 - 39% - 40% - 3:11
PK3 Forward
1 - 0% - 60%
2 - 0% - 40%
PK3 Defense
1 - 0% - 60%
2 - 0% - 40%
44 Forward
1 - 72% - 60% - 2:45
2 - 28% - 40% - 1:04
44 Defense
1 - 54% - 60% - 2:03
2 - 46% - 40% - 1:46
Last Minute Offensive - 1:06
Last Minute Defensive - 0:00
Total
Forward - 60:00
Defense - 60:00
|
Play-by-Play
1st period
0:01 of 1st period - Jeff Carter wins face-off versus John Tavares in neutral zone.
0:43 of 1st period - Minor Penalty to Ryan Callahan for Roughing.
0:44 of 1st period - Jeff Carter wins face-off versus John Tavares in Flyers zone.
1:11 of 1st period - Jeff Woywitka is hit by Ian White and loses puck.
1:22 of 1st period - Snap shot by Jussi Jokinen.
1:22 of 1st period - Deflect By Alex Chiasson.
1:22 of 1st period - Shot Blocked by Jeff Carter.
1:22 of 1st period - Puck is out of play.
1:23 of 1st period - Guillaume Latendresse wins face-off versus Jeff Carter in Flyers zone.
2:43 of 1st period - Penalty to Ryan Callahan is over, Ryan Callahan is back on ice.
3:05 of 1st period - Wrist shot by Mats Zuccarello.
3:05 of 1st period - Shot Misses the Net.
3:07 of 1st period - Wrist shot by Chris Mcallister.
3:07 of 1st period - Shot Misses the Net.
3:23 of 1st period - Snap shot by Cory Emmerton.
3:23 of 1st period - Shot Misses the Net.
3:28 of 1st period - Off-side.
3:29 of 1st period - John Tavares wins face-off versus Marcus Kruger in neutral zone.
4:54 of 1st period - Michael Grabner is hit by Mats Zuccarello and loses puck.
5:01 of 1st period - Snap shot by Mats Zuccarello.
5:01 of 1st period - Deflect By Marcus Kruger.
5:01 of 1st period - Shot Blocked by Ian White.
5:01 of 1st period - Puck is out of play.
5:02 of 1st period - Antoine Vermette wins face-off versus Jeff Carter in Stars zone.
5:28 of 1st period - Brian Lashoff is hit by John Tavares and loses puck.
6:03 of 1st period - Jonathan Ericsson is hit by Cam Atkinson and loses puck.
6:20 of 1st period - Slapshot by Jakub Voracek.
6:20 of 1st period - Shot Misses the Net.
6:24 of 1st period - Wrist shot by Jakub Voracek.
6:24 of 1st period - Stopped by Brian Elliott with a rebound.
6:38 of 1st period - Snap shot by John Tavares.
6:38 of 1st period - Shot Misses the Net.
6:40 of 1st period - Wrist shot by Michael Grabner.
6:40 of 1st period - Shot Misses the Net.
7:38 of 1st period - Slapshot by John Tavares.
7:38 of 1st period - Stopped by Cam Ward without a rebound.
7:39 of 1st period - John Tavares wins face-off versus Jeff Carter in Flyers zone.
7:40 of 1st period - Snap shot by Michael Grabner.
7:40 of 1st period - Shot Blocked by Jeff Carter.
7:49 of 1st period - Off-side.
7:50 of 1st period - John Tavares wins face-off versus Jeff Carter in neutral zone.
8:17 of 1st period - Jordan Nolan is hit by Alex Chiasson and loses puck.
8:41 of 1st period - Chris Mcallister is hit by Ian White and loses puck.
9:24 of 1st period - Wrist shot by Jakub Voracek.
9:24 of 1st period - Shot Misses the Net.
9:26 of 1st period - Snap shot by Jakub Voracek.
9:26 of 1st period - Shot Blocked by Brian Lee.
9:28 of 1st period - Snap shot by Drew Miller.
9:28 of 1st period - Stopped by Brian Elliott with a rebound.
10:42 of 1st period - Snap shot by Jakub Voracek.
10:42 of 1st period - Shot Misses the Net.
10:44 of 1st period - Slapshot by Drew Miller.
10:44 of 1st period - Stopped by Brian Elliott with a rebound.
11:04 of 1st period - Wrist shot by Jussi Jokinen.
11:04 of 1st period - Shot Misses the Net.
11:06 of 1st period - Slapshot by Alex Chiasson.
11:06 of 1st period - Goal by Alex Chiasson - Stars : 1 - Flyers : 0.
11:07 of 1st period - Jeff Carter wins face-off versus John Tavares in neutral zone.
12:41 of 1st period - Jonathan Ericsson is hit by Brian Lee and loses puck.
12:52 of 1st period - Slapshot by Michael Grabner.
12:52 of 1st period - Shot Misses the Net.
13:19 of 1st period - Icing by Alex Chiasson.
13:20 of 1st period - Marcus Kruger wins face-off versus Alex Chiasson in Stars zone.
13:23 of 1st period - Snap shot by Jakub Voracek.
13:23 of 1st period - Deflect By Jeff Carter.
13:23 of 1st period - Shot Blocked by Boris Valabik.
13:23 of 1st period - Puck is out of play.
13:24 of 1st period - Jeff Carter wins face-off versus John Tavares in Stars zone.
13:25 of 1st period - Wrist shot by Jakub Voracek.
13:25 of 1st period - Stopped by Brian Elliott without a rebound.
13:26 of 1st period - John Tavares wins face-off versus Jeff Carter in Stars zone.
13:28 of 1st period - Minor Penalty to Guillaume Latendresse for Hooking.
13:29 of 1st period - John Tavares wins face-off versus Jeff Carter in Stars zone.
13:40 of 1st period - Minor Penalty to Drew Miller for Holding.
13:41 of 1st period - John Tavares wins face-off versus Jeff Carter in Flyers zone.
13:49 of 1st period - Wrist shot by Alexander Frolov.
13:49 of 1st period - Shot Blocked by Oliver Ekman-Larsson.
13:51 of 1st period - Wrist shot by Alexander Frolov.
13:51 of 1st period - Shot Misses the Net.
14:21 of 1st period - Lasse Kukkonen is hit by Jakub Voracek.
15:28 of 1st period - Penalty to Guillaume Latendresse is over, Guillaume Latendresse is back on ice.
15:40 of 1st period - Penalty to Drew Miller is over, Drew Miller is back on ice.
15:57 of 1st period - Snap shot by Tomas Kubalik.
15:57 of 1st period - Shot Misses the Net.
16:15 of 1st period - Snap shot by B.J. Crombeen.
16:15 of 1st period - Goal by B.J. Crombeen - Stars : 2 - Flyers : 0.
16:16 of 1st period - Guillaume Latendresse wins face-off versus Jeff Carter in neutral zone.
16:21 of 1st period - Slapshot by Brian Lee.
16:21 of 1st period - Deflect By John Tavares.
16:21 of 1st period - Shot Blocked by Matt Smaby.
16:21 of 1st period - Puck is out of play.
16:22 of 1st period - Jeff Carter wins face-off versus John Tavares in Flyers zone.
17:13 of 1st period - Wrist shot by Oliver Ekman-Larsson.
17:13 of 1st period - Shot Misses the Net.
17:39 of 1st period - Snap shot by John Tavares.
17:39 of 1st period - Stopped by Cam Ward without a rebound.
17:40 of 1st period - Antoine Vermette wins face-off versus Jeff Carter in Flyers zone.
17:45 of 1st period - Snap shot by Jussi Jokinen.
17:45 of 1st period - Shot Blocked by Jonathan Ericsson.
17:51 of 1st period - Wrist shot by Alex Chiasson.
17:51 of 1st period - Stopped by Cam Ward without a rebound.
17:52 of 1st period - Jakub Voracek wins face-off versus John Tavares in Flyers zone.
18:07 of 1st period - Snap shot by Drew Miller.
18:07 of 1st period - Shot Misses the Net.
18:19 of 1st period - Jeff Woywitka is hit by Antoine Vermette and loses puck.
19:49 of 1st period - Wrist shot by Alex Chiasson.
19:49 of 1st period - Stopped by Cam Ward without a rebound.
19:50 of 1st period - Antoine Vermette wins face-off versus Jeff Carter in Flyers zone.
Goals for this period are 2 for Stars vs 0 for Flyers.
Shots for this period are 6 for Stars vs 4 for Flyers.
2nd period
0:01 of 2nd period - Jeff Carter wins face-off versus John Tavares in neutral zone.
1:03 of 2nd period - Matt Smaby is hit by Evgeny Grachev and loses puck.
1:24 of 2nd period - Wrist shot by Matthew Lombardi.
1:24 of 2nd period - Stopped by Brian Elliott without a rebound.
1:25 of 2nd period - Antoine Vermette wins face-off versus Jakub Voracek in Stars zone.
1:25 of 2nd period - Antoine Vermette is hit by Jakub Voracek.
1:34 of 2nd period - Minor Penalty to Jussi Jokinen for Hooking.
1:35 of 2nd period - John Tavares wins face-off versus Jeff Carter in Stars zone.
2:22 of 2nd period - John Tavares is hit by Jordan Nolan and loses puck.
3:09 of 2nd period - Minor Penalty to Drew Miller for Tripping.
3:10 of 2nd period - Jeff Carter wins face-off versus John Tavares in Flyers zone.
3:34 of 2nd period - Penalty to Jussi Jokinen is over, Jussi Jokinen is back on ice.
3:43 of 2nd period - Slapshot by Brian Lee.
3:43 of 2nd period - Stopped by Cam Ward without a rebound.
3:44 of 2nd period - Jakub Voracek wins face-off versus Antoine Vermette in Flyers zone.
3:51 of 2nd period - Slapshot by Matt Smaby.
3:51 of 2nd period - Stopped by Brian Elliott without a rebound.
3:52 of 2nd period - Jeff Carter wins face-off versus John Tavares in Stars zone.
3:53 of 2nd period - Snap shot by Jordan Nolan.
3:53 of 2nd period - Stopped by Brian Elliott with a rebound.
4:01 of 2nd period - Matt Smaby is hit by Michael Grabner.
4:13 of 2nd period - Matt Smaby is hit by Brian Lee and loses puck.
4:26 of 2nd period - Wrist shot by Antoine Vermette.
4:26 of 2nd period - Shot Misses the Net.
4:28 of 2nd period - Snap shot by Ian White.
4:28 of 2nd period - Shot Blocked by Matt Smaby.
4:30 of 2nd period - Wrist shot by Alex Chiasson.
4:30 of 2nd period - Shot Blocked by Matt Smaby.
4:32 of 2nd period - Slapshot by Ian White.
4:32 of 2nd period - Stopped by Cam Ward with a rebound.
5:09 of 2nd period - Penalty to Drew Miller is over, Drew Miller is back on ice.
5:18 of 2nd period - Snap shot by Cory Emmerton.
5:18 of 2nd period - Stopped by Cam Ward without a rebound.
5:19 of 2nd period - Cory Emmerton wins face-off versus Marcus Kruger in Flyers zone.
6:34 of 2nd period - Wrist shot by Antoine Vermette.
6:34 of 2nd period - Shot Misses the Net.
6:48 of 2nd period - Slapshot by Jussi Jokinen.
6:48 of 2nd period - Shot Blocked by Oliver Ekman-Larsson.
7:27 of 2nd period - Icing by Brian Lee.
7:28 of 2nd period - Jeff Carter wins face-off versus Antoine Vermette in Stars zone.
8:51 of 2nd period - Snap shot by Ted Purcell.
8:51 of 2nd period - Stopped by Cam Ward with a rebound.
9:27 of 2nd period - Alexander Frolov is hit by Chris Mcallister and loses puck.
10:09 of 2nd period - Icing by Matt Smaby.
10:10 of 2nd period - Michael Grabner wins face-off versus Jeff Carter in Flyers zone.
10:35 of 2nd period - Snap shot by Jakub Voracek.
10:35 of 2nd period - Shot Blocked by Andrej Sustr.
10:37 of 2nd period - Snap shot by Jakub Voracek.
10:37 of 2nd period - Goal by Jakub Voracek - Stars : 2 - Flyers : 1.
10:38 of 2nd period - Jeff Carter wins face-off versus John Tavares in neutral zone.
11:51 of 2nd period - Wrist shot by Guillaume Latendresse.
11:51 of 2nd period - Shot Blocked by Matthew Lombardi.
11:57 of 2nd period - Slapshot by Matt Smaby.
11:57 of 2nd period - Stopped by Brian Elliott without a rebound.
11:58 of 2nd period - Jeff Carter wins face-off versus Antoine Vermette in Stars zone.
12:09 of 2nd period - Snap shot by Jeff Carter.
12:09 of 2nd period - Shot Misses the Net.
12:13 of 2nd period - Snap shot by Jeff Carter.
12:13 of 2nd period - Stopped by Brian Elliott without a rebound.
12:14 of 2nd period - John Tavares wins face-off versus Jordan Nolan in Stars zone.
12:14 of 2nd period - John Tavares is hit by Jordan Nolan.
12:28 of 2nd period - Wrist shot by John Tavares.
12:28 of 2nd period - Shot Misses the Net.
13:03 of 2nd period - Boris Valabik is hit by Chris Mcallister and loses puck.
13:19 of 2nd period - Marcus Kruger is hit by Andrej Sustr and loses puck.
13:26 of 2nd period - Snap shot by Mats Zuccarello.
13:26 of 2nd period - Deflect By Chris Mcallister.
13:26 of 2nd period - Stopped by Brian Elliott with a rebound.
13:28 of 2nd period - Snap shot by Mats Zuccarello.
13:28 of 2nd period - Stopped by Brian Elliott without a rebound.
13:29 of 2nd period - Jeff Carter wins face-off versus John Tavares in Stars zone.
13:30 of 2nd period - Snap shot by Jakub Voracek.
13:30 of 2nd period - Stopped by Brian Elliott with a rebound.
13:38 of 2nd period - Slapshot by Boris Valabik.
13:38 of 2nd period - Stopped by Cam Ward without a rebound.
13:39 of 2nd period - Jeff Carter wins face-off versus John Tavares in Flyers zone.
13:39 of 2nd period - Jeff Carter is hit by Guillaume Latendresse.
13:47 of 2nd period - Snap shot by Guillaume Latendresse.
13:47 of 2nd period - Stopped by Cam Ward with a rebound.
13:49 of 2nd period - Slapshot by Lasse Kukkonen.
13:49 of 2nd period - Stopped by Cam Ward without a rebound.
13:50 of 2nd period - Jeff Carter wins face-off versus Michael Grabner in Flyers zone.
14:37 of 2nd period - Icing by Boris Valabik.
14:38 of 2nd period - Marcus Kruger wins face-off versus Cory Emmerton in Stars zone.
15:05 of 2nd period - Ian White is hit by Jakub Voracek and loses puck.
15:36 of 2nd period - Icing by J.T. Miller.
15:37 of 2nd period - Jordan Nolan wins face-off versus John Tavares in Flyers zone.
15:37 of 2nd period - Jordan Nolan is hit by Michael Grabner.
15:50 of 2nd period - Icing by Boris Valabik.
15:51 of 2nd period - John Tavares wins face-off versus Drew Miller in Stars zone.
16:04 of 2nd period - Wrist shot by Jakub Voracek.
16:04 of 2nd period - Shot Blocked by Lasse Kukkonen.
16:12 of 2nd period - Guillaume Latendresse is hit by Drew Miller and loses puck.
17:13 of 2nd period - Drew Miller is hit by Michael Grabner and loses puck.
17:36 of 2nd period - Wrist shot by Jakub Voracek.
17:36 of 2nd period - Stopped by Brian Elliott with a rebound.
17:38 of 2nd period - Minor Penalty to Boris Valabik for Cross-checking.
17:39 of 2nd period - Jordan Nolan wins face-off versus Jussi Jokinen in Stars zone.
19:21 of 2nd period - Backhand shot by Tomas Kubalik.
19:21 of 2nd period - Shot Blocked by Jussi Jokinen.
19:23 of 2nd period - Wrist shot by Matthew Lombardi.
19:23 of 2nd period - Stopped by Brian Elliott with a rebound.
19:25 of 2nd period - Wrist shot by Matthew Lombardi.
19:25 of 2nd period - Shot Misses the Net.
19:38 of 2nd period - Penalty to Boris Valabik is over, Boris Valabik is back on ice.
19:51 of 2nd period - Oliver Ekman-Larsson is hit by Alexander Frolov and loses puck.
Goals for this period are 0 for Stars vs 1 for Flyers.
Shots for this period are 7 for Stars vs 11 for Flyers.
3rd period
0:01 of 3rd period - Jordan Nolan wins face-off versus John Tavares in neutral zone.
0:26 of 3rd period - Guillaume Latendresse is hit by Chris Mcallister and loses puck.
0:35 of 3rd period - Snap shot by Brian Lee.
0:35 of 3rd period - Shot Misses the Net.
1:32 of 3rd period - Snap shot by Tomas Kubalik.
1:32 of 3rd period - Deflect By Andrej Sustr.
1:32 of 3rd period - Stopped by Brian Elliott without a rebound.
1:33 of 3rd period - Matthew Lombardi wins face-off versus Evgeny Grachev in Stars zone.
1:34 of 3rd period - Snap shot by Tomas Kubalik.
1:34 of 3rd period - Deflect By Matthew Lombardi.
1:34 of 3rd period - Shot Misses the Net.
1:34 of 3rd period - Puck is out of play.
1:35 of 3rd period - Cam Atkinson wins face-off versus Matthew Lombardi in Stars zone.
1:41 of 3rd period - Minor Penalty to Matt Smaby for Roughing.
1:42 of 3rd period - John Tavares wins face-off versus Jeff Carter in Flyers zone.
3:41 of 3rd period - Penalty to Matt Smaby is over, Matt Smaby is back on ice.
3:55 of 3rd period - Marcus Kruger is hit by B.J. Crombeen and loses puck.
4:14 of 3rd period - Ted Purcell is hit by Tomas Kubalik and loses puck.
4:39 of 3rd period - Cam Atkinson is hit by Ryan Callahan and loses puck.
4:52 of 3rd period - Snap shot by Mats Zuccarello.
4:52 of 3rd period - Shot Misses the Net.
5:06 of 3rd period - Tomas Kubalik is hit by Alex Chiasson and loses puck.
5:53 of 3rd period - Snap shot by Cory Emmerton.
5:53 of 3rd period - Stopped by Cam Ward without a rebound.
5:54 of 3rd period - Cory Emmerton wins face-off versus Tomas Kubalik in Flyers zone.
6:39 of 3rd period - Minor Penalty to B.J. Crombeen for Slashing.
6:40 of 3rd period - Jeff Carter wins face-off versus John Tavares in Stars zone.
7:17 of 3rd period - Snap shot by Ryan Callahan.
7:17 of 3rd period - Stopped by Brian Elliott with a rebound.
7:19 of 3rd period - Slapshot by J.T. Miller.
7:19 of 3rd period - Stopped by Brian Elliott with a rebound.
7:21 of 3rd period - Snap shot by Ryan Callahan.
7:21 of 3rd period - Shot Misses the Net.
7:23 of 3rd period - Snap shot by Jordan Nolan.
7:23 of 3rd period - Stopped by Brian Elliott without a rebound.
7:24 of 3rd period - Jussi Jokinen wins face-off versus Jeff Carter in Stars zone.
7:24 of 3rd period - Jussi Jokinen is hit by Jeff Carter.
7:53 of 3rd period - Snap shot by Jussi Jokinen.
7:53 of 3rd period - Shot Misses the Net.
8:39 of 3rd period - Penalty to B.J. Crombeen is over, B.J. Crombeen is back on ice.
8:49 of 3rd period - Snap shot by Cam Atkinson.
8:49 of 3rd period - Stopped by Cam Ward without a rebound.
8:50 of 3rd period - Evgeny Grachev wins face-off versus Marcus Kruger in Flyers zone.
8:59 of 3rd period - Backhand shot by Ted Purcell.
8:59 of 3rd period - Stopped by Cam Ward without a rebound.
9:00 of 3rd period - Jeff Carter wins face-off versus Antoine Vermette in Flyers zone.
9:37 of 3rd period - Snap shot by Guillaume Latendresse.
9:37 of 3rd period - Stopped by Cam Ward without a rebound.
9:38 of 3rd period - Jeff Carter wins face-off versus John Tavares in Flyers zone.
9:45 of 3rd period - Snap shot by Jeff Carter.
9:45 of 3rd period - Shot Misses the Net.
9:55 of 3rd period - Slapshot by Guillaume Latendresse.
9:55 of 3rd period - Stopped by Cam Ward with a rebound.
10:12 of 3rd period - Icing by Jordan Nolan.
10:13 of 3rd period - Antoine Vermette wins face-off versus Jordan Nolan in Flyers zone.
10:26 of 3rd period - Wrist shot by Jussi Jokinen.
10:26 of 3rd period - Stopped by Cam Ward with a rebound.
10:28 of 3rd period - Snap shot by Jussi Jokinen.
10:28 of 3rd period - Shot Misses the Net.
11:05 of 3rd period - Icing by Brian Lee.
11:06 of 3rd period - Guillaume Latendresse wins face-off versus Jeff Carter in Stars zone.
11:17 of 3rd period - Snap shot by Michael Grabner.
11:17 of 3rd period - Stopped by Cam Ward with a rebound.
11:19 of 3rd period - Slapshot by Brian Lee.
11:19 of 3rd period - Shot Misses the Net.
11:21 of 3rd period - Wrist shot by Guillaume Latendresse.
11:21 of 3rd period - Shot Misses the Net.
11:23 of 3rd period - Snap shot by Brian Lee.
11:23 of 3rd period - Deflect By Michael Grabner.
11:23 of 3rd period - Shot Misses the Net.
11:23 of 3rd period - Puck is out of play.
11:24 of 3rd period - Antoine Vermette wins face-off versus Marcus Kruger in Flyers zone.
11:25 of 3rd period - Snap shot by Jussi Jokinen.
11:25 of 3rd period - Shot Misses the Net.
11:27 of 3rd period - Wrist shot by Brian Lee.
11:27 of 3rd period - Shot Blocked by Chris Mcallister.
11:29 of 3rd period - Slapshot by Alex Chiasson.
11:29 of 3rd period - Shot Blocked by Brian Lashoff.
11:31 of 3rd period - Slapshot by Ian White.
11:31 of 3rd period - Shot Blocked by Nathan Beaulieu.
11:51 of 3rd period - Brian Lee is hit by Drew Miller.
11:56 of 3rd period - Off-side.
11:57 of 3rd period - Jeff Carter wins face-off versus John Tavares in neutral zone.
12:09 of 3rd period - Minor Penalty to Guillaume Latendresse for Roughing.
12:10 of 3rd period - Jeff Carter wins face-off versus Cory Emmerton in Stars zone.
12:24 of 3rd period - Wrist shot by Jakub Voracek.
12:24 of 3rd period - Shot Blocked by Cory Emmerton.
12:30 of 3rd period - Minor Penalty to Matt Smaby for Hooking.
12:31 of 3rd period - John Tavares wins face-off versus Jeff Carter in Flyers zone.
12:42 of 3rd period - Wrist shot by John Tavares.
12:42 of 3rd period - Stopped by Cam Ward with a rebound.
12:46 of 3rd period - Snap shot by John Tavares.
12:46 of 3rd period - Stopped by Cam Ward with a rebound.
14:02 of 3rd period - Snap shot by Chris Mcallister.
14:02 of 3rd period - Shot Misses the Net.
14:04 of 3rd period - Snap shot by Chris Mcallister.
14:04 of 3rd period - Stopped by Brian Elliott without a rebound.
14:05 of 3rd period - John Tavares wins face-off versus Jeff Carter in Stars zone.
14:09 of 3rd period - Penalty to Guillaume Latendresse is over, Guillaume Latendresse is back on ice.
14:12 of 3rd period - Wrist shot by John Tavares.
14:12 of 3rd period - Stopped by Cam Ward with a rebound.
14:14 of 3rd period - Snap shot by Guillaume Latendresse.
14:14 of 3rd period - Stopped by Cam Ward without a rebound.
14:15 of 3rd period - Jeff Carter wins face-off versus John Tavares in Flyers zone.
14:20 of 3rd period - Snap shot by John Tavares.
14:20 of 3rd period - Stopped by Cam Ward without a rebound.
14:21 of 3rd period - Jordan Nolan wins face-off versus John Tavares in Flyers zone.
14:30 of 3rd period - Penalty to Matt Smaby is over, Matt Smaby is back on ice.
14:32 of 3rd period - Snap shot by John Tavares.
14:32 of 3rd period - Stopped by Cam Ward with a rebound.
14:34 of 3rd period - Snap shot by Guillaume Latendresse.
14:34 of 3rd period - Shot Misses the Net.
14:43 of 3rd period - Icing by Nathan Beaulieu.
14:44 of 3rd period - Jeff Carter wins face-off versus Antoine Vermette in Flyers zone.
14:57 of 3rd period - Slapshot by Marcus Kruger.
14:57 of 3rd period - Stopped by Brian Elliott with a rebound.
15:15 of 3rd period - Wrist shot by Matthew Lombardi.
15:15 of 3rd period - Stopped by Brian Elliott with a rebound.
15:17 of 3rd period - Snap shot by Matthew Lombardi.
15:17 of 3rd period - Shot Misses the Net.
15:19 of 3rd period - Wrist shot by Oliver Ekman-Larsson.
15:19 of 3rd period - Deflect By Matthew Lombardi.
15:19 of 3rd period - Shot Blocked by B.J. Crombeen.
15:19 of 3rd period - Puck is out of play.
15:20 of 3rd period - John Tavares wins face-off versus Jeff Carter in Stars zone.
15:27 of 3rd period - Wrist shot by Michael Grabner.
15:27 of 3rd period - Stopped by Cam Ward with a rebound.
15:43 of 3rd period - Minor Penalty to Jeff Carter for Holding.
15:44 of 3rd period - John Tavares wins face-off versus Matthew Lombardi in Flyers zone.
15:57 of 3rd period - Snap shot by Guillaume Latendresse.
15:57 of 3rd period - Shot Blocked by Oliver Ekman-Larsson.
16:38 of 3rd period - Slapshot by J.T. Miller.
16:38 of 3rd period - Deflect By Matthew Lombardi.
16:38 of 3rd period - Shot Misses the Net.
16:38 of 3rd period - Puck is out of play.
16:39 of 3rd period - John Tavares wins face-off versus Matthew Lombardi in Stars zone.
17:34 of 3rd period - Matt Smaby is hit by Ian White.
17:43 of 3rd period - Penalty to Jeff Carter is over, Jeff Carter is back on ice.
17:44 of 3rd period - Matthew Lombardi is hit by Antoine Vermette and loses puck.
17:59 of 3rd period - Snap shot by Jeff Carter.
17:59 of 3rd period - Stopped by Brian Elliott without a rebound.
18:00 of 3rd period - Cory Emmerton wins face-off versus Jeff Carter in Stars zone.
18:15 of 3rd period - Wrist shot by B.J. Crombeen.
18:15 of 3rd period - Deflect By Alexander Frolov.
18:15 of 3rd period - Stopped by Cam Ward with a rebound.
18:32 of 3rd period - Cam Atkinson is hit by Brian Lashoff and loses puck.
18:49 of 3rd period - Snap shot by Jussi Jokinen.
18:49 of 3rd period - Stopped by Cam Ward with a rebound.
18:51 of 3rd period - Wrist shot by Antoine Vermette.
18:51 of 3rd period - Shot Misses the Net.
18:53 of 3rd period - Slapshot by Jussi Jokinen.
18:53 of 3rd period - Deflect By Alex Chiasson.
18:53 of 3rd period - Shot Blocked by Jeff Carter.
18:53 of 3rd period - Puck is out of play.
18:54 of 3rd period - Pat Quinn call a timeout for Flyers.
18:54 of 3rd period - Jeff Carter wins face-off versus John Tavares in Flyers zone.
18:59 of 3rd period - Flyers, Cam Ward is pulled from the net.
19:28 of 3rd period - Wrist shot by Drew Miller.
19:28 of 3rd period - Deflect By Jakub Voracek.
19:28 of 3rd period - Stopped by Brian Elliott without a rebound.
19:29 of 3rd period - Jeff Carter wins face-off versus John Tavares in Stars zone.
19:46 of 3rd period - Wrist shot by Jeff Carter.
19:46 of 3rd period - Deflect By Jakub Voracek.
19:46 of 3rd period - Shot Misses the Net.
19:46 of 3rd period - Puck is out of play.
19:47 of 3rd period - John Tavares wins face-off versus Jeff Carter in Stars zone.
19:54 of 3rd period - Snap shot by Drew Miller.
19:54 of 3rd period - Stopped by Brian Elliott with a rebound.
19:56 of 3rd period - Snap shot by Jeff Carter.
19:56 of 3rd period - Stopped by Brian Elliott without a rebound.
19:57 of 3rd period - Jeff Carter wins face-off versus John Tavares in Stars zone.
Goals for this period are 0 for Stars vs 0 for Flyers.
Shots for this period are 16 for Stars vs 11 for Flyers.
Back to the Top